MWL (24 & UNDER)
MANHATTEN MEATHEADS @ MINNESOTA DEATH STARS
06/15/2028
 
TOP OF THE 1ST
Manhatten Meatheads batting - Pitching for Minnesota Death Stars : RHP Jeremias Pereirinha
Pitching: RHP Jeremias Pereirinha
Batting: LHB Felipe Rivera 0-0: Ground out U3 (Groundball, 3S)
Batting: RHB George Green 0-0: Ball
1-0: Ground out 6-3 (Groundball, 6)
Batting: LHB Miguel Pérez 0-0: Foul Ball, location: 2F
0-1: Swinging Strike
0-2: Ground out 5-3 (Groundball, 5S)
Top of the 1st over - 0 run(s), 0 hit(s), 0 error(s), 0 left on base; Manhatten 0 - Minnesota 0
BOTTOM OF THE 1ST
Minnesota Death Stars batting - Pitching for Manhatten Meatheads : RHP Ricardo Montero
Pitching: RHP Ricardo Montero
Batting: RHB José Chávez 0-0: Called Strike
0-1: Ball
1-1: Swinging Strike
1-2: Strikes out swinging, 2-3 out at first.
Batting: RHB Sean White 0-0: Ball
1-0: Ball
2-0: Bunted foul
2-1: Ball
3-1: Base on Balls
Batting: RHB William Robinson 0-0: Ball
1-0: Grounds into double play, 6-4-3 (Groundball, 6)
Bottom of the 1st over - 0 run(s), 0 hit(s), 0 error(s), 0 left on base; Manhatten 0 - Minnesota 0
TOP OF THE 2ND
Manhatten Meatheads batting - Pitching for Minnesota Death Stars : RHP Jeremias Pereirinha
Batting: SHB António Ramírez 0-0: Foul Ball, location: 2F
0-1: Fly out, F4 (Line Drive, 4D)
Batting: LHB Brent Haynes 0-0: Called Strike
0-1: Ball
1-1: SINGLE (Groundball, 4MD)
Batting: SHB León Glaviz 0-0: Called Strike
0-1: Swinging Strike
0-2: Strikes out swinging
Batting: LHB Eric Dillard 0-0: Ball
1-0: Foul Ball, location: 2F
1-1: Ball
2-1: Foul Ball, location: 2F
2-2: Ball
3-2: Strikes out swinging
Top of the 2nd over - 0 run(s), 1 hit(s), 0 error(s), 1 left on base; Manhatten 0 - Minnesota 0
BOTTOM OF THE 2ND
Minnesota Death Stars batting - Pitching for Manhatten Meatheads : RHP Ricardo Montero
Batting: LHB Emílio Montoya 0-0: Ball
1-0: Called Strike
1-1: Ball
2-1: Swinging Strike
2-2: Strikes out swinging
Batting: RHB Sidney Smith 0-0: Called Strike
0-1: Foul Ball, location: 2F
0-2: Ball
1-2: SINGLE (Line Drive, 34D)
Batting: RHB Manuel Cintrón 0-0: Ball
1-0: Called Strike
1-1: Swinging Strike
1-2: Foul Ball, location: 2F
1-2: Ball
2-2: Foul Ball, location: 2F
2-2: Strikes out swinging
Sidney Smith is caught stealing 2nd base
Batter strikes out.
Bottom of the 2nd over - 0 run(s), 1 hit(s), 0 error(s), 0 left on base; Manhatten 0 - Minnesota 0
TOP OF THE 3RD
Manhatten Meatheads batting - Pitching for Minnesota Death Stars : RHP Jeremias Pereirinha
Batting: RHB José Esparza 0-0: Foul Ball, location: 2F
0-1: Ball
1-1: Foul Ball, location: 2F
1-2: Ball
2-2: Strikes out looking
Batting: RHB Jeff Vickers 0-0: Ball
1-0: Foul Ball, location: 2F
1-1: Swinging Strike
1-2: Foul Ball, location: 2F
1-2: Foul Ball, location: 2F
1-2: Foul Ball, location: 2F
1-2: Ball
2-2: Foul Ball, location: 2F
2-2: Foul Ball, location: 2F
2-2: Ball
3-2: Strikes out swinging
Batting: LHB Felipe Rivera 0-0: Foul Ball, location: 2F
0-1: Swinging Strike
0-2: Strikes out swinging
Top of the 3rd over - 0 run(s), 0 hit(s), 0 error(s), 0 left on base; Manhatten 0 - Minnesota 0
BOTTOM OF THE 3RD
Minnesota Death Stars batting - Pitching for Manhatten Meatheads : RHP Ricardo Montero
Batting: LHB Shannon Hunter 0-0: Ball
1-0: Ball
2-0: Fly out, F6 (Popup, 56D)
Batting: RHB Alfonso Reyes 0-0: Foul Ball, location: 2F
0-1: Fly out, F4 (Popup, 34)
Batting: SHB Manuel Jiménez 0-0: Ball
1-0: Ball
2-0: Ball
3-0: Called Strike
3-1: Base on Balls
Batting: RHB José Chávez 0-0: Ball
1-0: Ball
2-0: Fly out, F7 (Flyball, 7S)
Bottom of the 3rd over - 0 run(s), 0 hit(s), 0 error(s), 1 left on base; Manhatten 0 - Minnesota 0
TOP OF THE 4TH
Manhatten Meatheads batting - Pitching for Minnesota Death Stars : RHP Jeremias Pereirinha
Batting: RHB George Green 0-0: Called Strike
0-1: Foul Ball, location: 2F
0-2: Strikes out swinging
Batting: LHB Miguel Pérez 0-0: Ball
1-0: Foul Ball, location: 2F
1-1: Foul Ball, location: 2F
1-2: Strikes out swinging
Batting: SHB António Ramírez 0-0: Ball
1-0: Swinging Strike
1-1: SINGLE (Groundball, 34D)
Batting: LHB Brent Haynes 0-0: Called Strike
0-1: Ball
1-1: Ball
2-1: Fly out, F8 (Flyball, 8LXD)
Top of the 4th over - 0 run(s), 1 hit(s), 0 error(s), 1 left on base; Manhatten 0 - Minnesota 0
BOTTOM OF THE 4TH
Minnesota Death Stars batting - Pitching for Manhatten Meatheads : RHP Ricardo Montero
Batting: RHB Sean White 0-0: Foul Ball, location: 2F
0-1: Ball
1-1: Ball
2-1: Ball
3-1: Ground out 5-3 (Groundball, 5)
Batting: RHB William Robinson 0-0: Called Strike
0-1: Ball
1-1: Foul Ball, location: 2F
1-2: Ball
2-2: Foul Ball, location: 2F
2-2: SINGLE (Groundball, 34) (infield hit)
Batting: LHB Emílio Montoya 0-0: Swinging Strike
0-1: Ball
1-1: Ball
William Robinson is caught stealing 2nd base
2-1: Foul Ball, location: 2F
2-2: Foul Ball, location: 2F
2-2: Ball
3-2: Strikes out swinging
Bottom of the 4th over - 0 run(s), 1 hit(s), 0 error(s), 0 left on base; Manhatten 0 - Minnesota 0
TOP OF THE 5TH
Manhatten Meatheads batting - Pitching for Minnesota Death Stars : RHP Jeremias Pereirinha
Batting: SHB León Glaviz 0-0: Ball
1-0: Called Strike
1-1: Foul Ball, location: 2F
1-2: Ball
2-2: Strikes out looking
Batting: LHB Eric Dillard 0-0: Ball
1-0: Foul Ball, location: 2F
1-1: SINGLE (Groundball, 6MD)
Batting: RHB José Esparza 0-0: Ball
1-0: Ball
2-0: Called Strike
2-1: Ball
3-1: SINGLE (Flyball, 78S)
Eric Dillard to second
Batting: RHB Jeff Vickers 0-0: Ground out 4-3 (Groundball, 4MS)
Eric Dillard to third
José Esparza to second
Batting: LHB Felipe Rivera 0-0: SINGLE (Line Drive, 56D)
Eric Dillard scores
José Esparza to third
Runner from 3rd tries for Home, throw and OUT!
Top of the 5th over - 1 run(s), 3 hit(s), 0 error(s), 1 left on base; Manhatten 1 - Minnesota 0
BOTTOM OF THE 5TH
Minnesota Death Stars batting - Pitching for Manhatten Meatheads : RHP Ricardo Montero
Batting: RHB Sidney Smith 0-0: Called Strike
0-1: Foul Ball, location: 2F
0-2: Fly out, F7 (Flyball, 7)
Batting: RHB Manuel Cintrón 0-0: Swinging Strike
0-1: Called Strike
0-2: Strikes out swinging
Batting: LHB Shannon Hunter 0-0: Called Strike
0-1: Ball
1-1: Ground out 3-1 (Groundball, 34S)
Bottom of the 5th over - 0 run(s), 0 hit(s), 0 error(s), 0 left on base; Manhatten 1 - Minnesota 0
TOP OF THE 6TH
Manhatten Meatheads batting - Pitching for Minnesota Death Stars : RHP Jeremias Pereirinha
Batting: RHB George Green 0-0: Foul Ball, location: 2F
0-1: Ball
1-1: Ball
2-1: Called Strike
2-2: Ball
3-2: Foul Ball, location: 2F
3-2: Foul Ball, location: 2F
3-2: SINGLE (Groundball, 56D)
Batting: LHB Miguel Pérez 0-0: Ball
Throwing error on steal attempt, E2
George Green to third
1-0: Intentional Walk
Batting: SHB António Ramírez 0-0: Called Strike
0-1: Foul Ball, location: 2F
0-2: Strikes out looking
Batting: LHB Brent Haynes 0-0: Ball
1-0: Ball
2-0: Ball
3-0: Called Strike
3-1: SINGLE (Groundball, 6D)
George Green scores
Miguel Pérez to second
Pitching: RHP Alfredo Cabral
Batting: SHB León Glaviz 0-0: Swinging Strike
0-1: Ball
1-1: Swinging Strike
1-2: Ball
2-2: Ball
3-2: Foul Ball, location: 2F
3-2: SINGLE (Groundball, 23) (infield hit)
Miguel Pérez to third
Brent Haynes to second
Batting: LHB Eric Dillard 0-0: Called Strike
0-1: Ball
1-1: Called Strike
1-2: Strikes out swinging
Batting: RHB José Esparza 0-0: Fielders Choice at 2nd, 6-4 (Groundball, 6)
Top of the 6th over - 1 run(s), 3 hit(s), 1 error(s), 2 left on base; Manhatten 2 - Minnesota 0
BOTTOM OF THE 6TH
Minnesota Death Stars batting - Pitching for Manhatten Meatheads : RHP Ricardo Montero
Batting: RHB Alfonso Reyes 0-0: Swinging Strike
0-1: Foul Ball, location: 2F
0-2: Foul Ball, location: 2F
0-2: Ground out 6-3 (Groundball, 6)
Batting: SHB Manuel Jiménez 0-0: Ball
1-0: Ball
2-0: Foul Ball, location: 2F
2-1: Ball
3-1: Base on Balls
Batting: RHB José Chávez 0-0: Foul Ball, location: 2F
0-1: Ball
1-1: Fly out, F9 (Flyball, 9LMF)
Batting: RHB Sean White 0-0: Called Strike
Manuel Jiménez is caught stealing 2nd base
Bottom of the 6th over - 0 run(s), 0 hit(s), 0 error(s), 0 left on base; Manhatten 2 - Minnesota 0
TOP OF THE 7TH
Manhatten Meatheads batting - Pitching for Minnesota Death Stars : RHP Alfredo Cabral
Batting: RHB Jeff Vickers 0-0: Ball
1-0: Called Strike
1-1: Ground out 6-3 (Groundball, 6S)
Batting: LHB Felipe Rivera 0-0: Ball
1-0: Called Strike
1-1: Foul Ball, location: 2F
1-2: Foul Ball, location: 2F
1-2: Foul Ball, location: 2F
1-2: Foul Ball, location: 2F
1-2: Strikes out looking
Batting: RHB George Green 0-0: Ball
1-0: Swinging Strike
1-1: Foul Ball, location: 2F
1-2: Strikes out looking
Top of the 7th over - 0 run(s), 0 hit(s), 0 error(s), 0 left on base; Manhatten 2 - Minnesota 0
BOTTOM OF THE 7TH
Minnesota Death Stars batting - Pitching for Manhatten Meatheads : RHP Ricardo Montero
Batting: RHB Sean White 0-0: Ball
1-0: Fly out, F9 (Flyball, 9S)
Batting: RHB William Robinson 0-0: Ball
1-0: Ball
2-0: SINGLE (Groundball, 6MD)
Pitching: LHP Bernard Zuccarello
Batting: LHB Emílio Montoya 0-0: Ball
1-0: SINGLE (Line Drive, 8RS)
William Robinson to second
Pinch Hitting: RHB Earl Godwin 0-0: Called Strike
0-1: Ball
1-1: Called Strike
1-2: Ball
2-2: Grounds into double play, 5-4-3 (Groundball, 5)
Bottom of the 7th over - 0 run(s), 2 hit(s), 0 error(s), 1 left on base; Manhatten 2 - Minnesota 0
TOP OF THE 8TH
Manhatten Meatheads batting - Pitching for Minnesota Death Stars : RHP Alfredo Cabral
Now at SS: Earl Godwin
Batting: LHB Miguel Pérez 0-0: Ball
1-0: Fly out, F8 (Flyball, 8LS)
Batting: SHB António Ramírez 0-0: Called Strike
0-1: Ball
1-1: Foul Ball, location: 2F
1-2: Foul Ball, location: 2F
1-2: Strikes out swinging
Batting: LHB Brent Haynes 0-0: Ball
1-0: Foul Ball, location: 2F
1-1: Ball
2-1: Foul Ball, location: 2F
2-2: Strikes out swinging
Top of the 8th over - 0 run(s), 0 hit(s), 0 error(s), 0 left on base; Manhatten 2 - Minnesota 0
BOTTOM OF THE 8TH
Minnesota Death Stars batting - Pitching for Manhatten Meatheads : LHP Bernard Zuccarello
Batting: RHB Manuel Cintrón 0-0: Called Strike
0-1: Fly out, F6 (Line Drive, 6)
Batting: LHB Shannon Hunter 0-0: Ball
1-0: Ground out 3-1 (Groundball, 34)
Batting: RHB Alfonso Reyes 0-0: Foul Ball, location: 2F
0-1: Ball
1-1: Ball
2-1: Foul Ball, location: 2F
2-2: Ground out 5-3 (Groundball, 56S)
Bottom of the 8th over - 0 run(s), 0 hit(s), 0 error(s), 0 left on base; Manhatten 2 - Minnesota 0
TOP OF THE 9TH
Manhatten Meatheads batting - Pitching for Minnesota Death Stars : RHP Alfredo Cabral
Batting: SHB León Glaviz 0-0: Foul Ball, location: 2F
0-1: Ball
1-1: Ball
2-1: Ground out U3 (Groundball, 3)
Batting: LHB Eric Dillard 0-0: Called Strike
0-1: Called Strike
0-2: Ball
1-2: Ball
2-2: Ball
3-2: Strikes out swinging
Pitching: RHP Junior Pineault
Batting: RHB José Esparza 0-0: Foul Ball, location: 2F
0-1: Swinging Strike
0-2: Ball
1-2: Strikes out swinging
Top of the 9th over - 0 run(s), 0 hit(s), 0 error(s), 0 left on base; Manhatten 2 - Minnesota 0
BOTTOM OF THE 9TH
Minnesota Death Stars batting - Pitching for Manhatten Meatheads : LHP Bernard Zuccarello
Pitching: LHP Anthony Robinson
Batting: SHB Manuel Jiménez 0-0: Called Strike
0-1: Ball
1-1: Fly out, F6 (Popup, 6)
Batting: RHB José Chávez 0-0: Called Strike
0-1: SINGLE (Line Drive, 34D)
Batting: RHB Sean White 0-0: Ball
1-0: Foul Ball, location: 2F
1-1: Swinging Strike
1-2: Strikes out looking
Pinch Hitting: RHB Alfredo Villegas 0-0: Ball
1-0: Ball
2-0: Called Strike
2-1: SINGLE (Line Drive, 6MD)
José Chávez to second
Pinch Hitting: RHB Vaughan Tillman 0-0: Swinging Strike
0-1: Ball
1-1: Ball
2-1: Swinging Strike
2-2: Ball
3-2: Foul Ball, location: 2F
3-2: Foul Ball, location: 2F
3-2: Foul Ball, location: 2F
3-2: Fly out, F9 (Flyball, 9)
Bottom of the 9th over - 0 run(s), 2 hit(s), 0 error(s), 2 left on base; Manhatten 2 - Minnesota 0
Tuesday, August 8th, 2017 - OOTP Baseball 17.12 Build 75